[Event "*** Titled Tuesday Blitz"]
[Site "Chess.com"]
[Date "2020.11.03"]
[Round "9"]
[White "AmirBagheri78"]
[Black "kflorian98"]
[Result "0-1"]
[WhiteElo "2579"]
[BlackElo "2755"]
[TimeControl "180+1"]
[EndTime "11:46:18 PST"]
[Termination "kflorian98 won by resignation"]

1. d4 Na6 2. Nf3 c6 3. e4 d6 4. Nc3 Nc7 5. Be2 g6 6. O-O Bg7 7. a4 a5 8. b3 Bg4 9. Ne1 Bxe2 10.
Nxe2 Nf6 11. Qd3 O-O 12. c4 e5 13. Bb2 Ne6 14. dxe5 dxe5 15. Qxd8 Rfxd8 16. Bxe5 Nxe4 17. Bxg7 Kxg7 18. Nf3 N6c5 19. Ned4 Nd2 20. Nxd2 Rxd4 21. Nf3 Rd3 22. Rfe1 Rad8 23. h4 Nxb3 24. Rab1 Nc5 25. Re5 Rd1+ 26. Rxd1 Rxd1+ 27. Kh2 b6 28. Re7 Rd7 29.
Rxd7 Nxd7 30. Nd4 Nc5 31. Nxc6 Nxa4 32. Kg3 Kf6 33. Kf4 Nb2 34. Ne5 a4 0-1

[Event "*** Titled Tuesday Blitz"]
[Site "Chess.com"]
[Date "2020.11.03"]
[Round "9"]
[White "RobertoJBM"]
[Black "pedromartinez91"]
[Result "1-0"]
[WhiteElo "2787"]
[BlackElo "2592"]
[TimeControl "180+1"]
[EndTime "11:46:22 PST"]
[Termination "RobertoJBM won by resignation"]

1. d4 b6 2. e4 Bb7 3. Bd3 e6 4.
Nf3 Nf6 5. Qe2 d5 6. e5 Ne4 7. Nbd2 Nxd2 8. Bxd2 c5 9. c3 Qc8 10. O-O Ba6 11. c4 dxc4 12. Bxc4 Bxc4 13. Qxc4 Qa6 14. Qc2 Nc6 15. Qe4 Qb7 16. Rac1 Be7 17. Bg5 Bxg5 18. Nxg5 h6 19. Nf3 O-O 20. dxc5 Rfc8 21. h4 Rab8 22.
b3 Nb4 23. Qxb4 1-0

[Event "*** Titled Tuesday Blitz"]
[Site "Chess.com"]
[Date "2020.11.03"]
[Round "9"]
[White "Mr_Sinigami"]
[Black "suyu28"]
[Result "1-0"]
[WhiteElo "2520"]
[BlackElo "2641"]
[TimeControl "180+1"]
[EndTime "11:46:30 PST"]
[Termination "Mr_Sinigami won by resignation"]

1. d4 Nf6 2. Nf3 e6 3. Bf4 d6 4.
e3 Nh5 5. Bg5 Be7 6. Bxe7 Qxe7 7. Be2 O-O 8. O-O b6 9. a4 a6 10. c4 a5 11. Nc3 Bb7 12. Nd2 Nf6 13. Bf3 Bxf3 14. Qxf3 Na6 15. e4 e5 16. Nb3 Nb4 17. Rad1 exd4 18. Nxd4 g6 19. Rfe1 Rfe8 20. h3 Kg7 21. b3 c6 22. Qg3 Rad8 23. Nf5+ Kf8 24.
Nxe7 Rxe7 25. Rxd6 Rxd6 26. Qxd6 Ne8 27. Qd8 Nd3 28. Qxd3 1-0

[Event "*** Titled Tuesday Blitz"]
[Site "Chess.com"]
[Date "2020.11.03"]
[Round "9"]
[White "Aygehovit1992"]
[Black "infinitegiantkiller"]
[Result "1-0"]
[WhiteElo "2647"]
[BlackElo "2471"]
[TimeControl "180+1"]
[EndTime "11:46:30 PST"]
[Termination "Aygehovit1992 won by checkmate"]

1. e4 e6 2. d4 d5 3. Nc3 Nf6 4. e5 Nfd7 5. f4 c5 6. Nf3 Nc6 7. Be3 a6 8. Qd2 b5 9. a3 Qb6 10. dxc5 Bxc5 11. Bxc5 Nxc5 12. Qf2 O-O 13. Bd3 Nxd3+ 14.
cxd3 Qxf2+ 15. Kxf2 b4 16. Na4 a5 17. Rhc1 Na7 18. Nd4 Bd7 19. Nb6 Rad8 20. axb4 Nb5 21.
Nxd7 Nxd4 22. Nxf8 Nb3 23. Nxe6 fxe6 24. bxa5 Nxc1 25.
Rxc1 Rb8 26. Rb1 Rb3 27. Ke3 Kf7 28. a6 Rb6 29. Ra1 Rxb2 30. a7 Rxg2 31. a8=Q Rxh2 32. Ra7+ Kg6 33. Qe8+ Kh6 34. Qxe6+ g6 35. Qg8 Rh3+ 36. Kd4 Kh5 37. Rxh7+ Kg4 38. Qxg6+ Kf3 39. Rxh3+ Ke2 40. Qg2+ Kd1 41. Rh1# 1-0

[Event "*** Titled Tuesday Blitz"]
[Site "Chess.com"]
[Date "2020.11.03"]
[Round "9"]
[White "Ajedrez_con_German"]
[Black "MokshanovAlexey"]
[Result "1/2-1/2"]
[WhiteElo "2475"]
[BlackElo "2595"]
[TimeControl "180+1"]
[EndTime "11:46:30 PST"]
[Termination "Game drawn by repetition"]

1. d4 d5 2. c4 e6 3. Nc3 Nf6 4. cxd5 exd5 5. Bg5 c6 6. e3 Be7 7. Bd3 Nbd7 8. Nf3 O-O 9. h3 Re8 10. Qc2 Nf8 11. Bf4 Bd6 12. Bxd6 Qxd6 13. O-O Qe7 14. Rab1 Ne4 15. b4 a6 16. a4 Bf5 17. b5 axb5 18.
axb5 Nxc3 19. Qxc3 Ra3 20. Rb3 Rxb3 21. Qxb3 Bxd3 22. Qxd3 c5 23. dxc5 Qxc5 24. Rd1 Rd8 25. Nd4 Ne6 26. Qe2 Re8 27. Qg4 Nxd4 28. Qxd4 Qxb5 29. Qxd5 Qxd5 30. Rxd5 g6 31. Kf1 Kf8 32. Rd7 Re7 33. Rd8+ Re8 34. Rd7 Re7 35. Rd8+ Re8 36.
Rd7 1/2-1/2

[Event "*** Titled Tuesday Blitz"]
[Site "Chess.com"]
[Date "2020.11.03"]
[Round "9"]
[White "TrickyFortem"]
[Black "SergeyShtyka"]
[Result "0-1"]
[WhiteElo "2521"]
[BlackElo "2379"]
[TimeControl "180+1"]
[EndTime "11:46:44 PST"]
[Termination "SergeyShtyka won by resignation"]

1. d4 c5 2. d5 e5 3. c4 d6 4. Nc3 Be7 5. g3 Nf6 6. h4 Bg4 7. f3 Bd7 8. e4 Na6 9. h5 h6 10. Bd3 Nc7 11. Nge2 a6 12. a4 b6 13. Kf2 O-O 14. Be3 Rb8 15. Qd2 Nh7 16. Bc2 b5 17. cxb5 axb5 18. b3 bxa4 19. bxa4 Rb2 20. g4 Bg5 21.
Rhb1 Bxe3+ 22. Kxe3 Qg5+ 23. f4 exf4+ 24. Nxf4 Rxb1 25.
Rxb1 Nf6 26. Bd1 Bxg4 27. Rb7 Na6 28. a5 Re8 29. Rb6 Nb4 30. Rxd6 Bxd1 31. Qxd1 Qg3+ 32. Qf3 Nc2+ 33. Kd2 Qxf3 34. Nce2 Nd4 35. Nxd4 Qxf4+ 0-1

[Event "*** Titled Tuesday Blitz"]
[Site "Chess.com"]
[Date "2020.11.03"]
[Round "9"]
[White "grandcoach"]
[Black "Evachess2006"]
[Result "1-0"]
[WhiteElo "2079"]
[BlackElo "1634"]
[TimeControl "180+1"]
[EndTime "11:46:50 PST"]
[Termination "grandcoach won on time"]

1. e4 e5 2. Nf3 Nc6 3. d4 exd4 4. c3 d6 5. cxd4 Nf6 6. Nc3 Bg4 7. Be2 Be7 8. O-O O-O 9. h3 Bh5 10. Be3 Bg6 11.
e5 dxe5 12. dxe5 Ne4 13. Qb3 Nxc3 14. bxc3 b6 15. Rfd1 Qc8 16. Qa4 Qb7 17. Ba6 1-0

[Event "*** Titled Tuesday Blitz"]
[Site "Chess.com"]
[Date "2020.11.03"]
[Round "9"]
[White "anasta10"]
[Black "Semetey"]
[Result "0-1"]
[WhiteElo "2406"]
[BlackElo "2574"]
[TimeControl "180+1"]
[EndTime "11:47:03 PST"]
[Termination "Semetey won by resignation"]

1. d4 Nf6 2. c4 g6 3. Nc3 d5 4. Nf3 Bg7 5. h4 O-O 6. h5 c5 7.
cxd5 Nxd5 8. hxg6 hxg6 9. Bh6 Bxh6 10. Rxh6 Nc6 11. e3 cxd4 12. exd4 Bg4 13. Bc4 Nxc3 14. Rxg6+ Kh7 15. Ng5+ Kxg6 16. Qxg4 Qxd4 17. Ne4+ Kh7 18.
Qh5+ Kg8 19. Ng5 Qg7 20. Bd3 Rfd8 21. Bh7+ Kf8 22. bxc3 Qxc3+ 23. Ke2 Rd2+ 24. Ke1 Rxa2+ 0-1

[Event "*** Titled Tuesday Blitz"]
[Site "Chess.com"]
[Date "2020.11.03"]
[Round "9"]
[White "pavelalexandru07"]
[Black "crazy_but_lazy"]
[Result "0-1"]
[WhiteElo "2319"]
[BlackElo "2466"]
[TimeControl "180+1"]
[EndTime "11:47:05 PST"]
[Termination "crazy_but_lazy won by resignation"]

1. e4 c6 2. d4 d5 3. e5 c5 4.
dxc5 e6 5. a3 Nc6 6. Nf3 Bxc5 7.
b4 Bb6 8. Bb2 f6 9. exf6 Nxf6 10.
Bd3 e5 11. Nxe5 Nxe5 12. Bxe5 O-O 13. O-O Ng4 14. Bg3 Nxf2 15. Bxf2 Bxf2+ 16. Rxf2 Rxf2 17. Qh5 Qf6 18. Qxh7+ Kf8 19. Nc3 Qxc3 20. Kxf2 Qxa1 0-1

[Event "*** Titled Tuesday Blitz"]
[Site "Chess.com"]
[Date "2020.11.03"]
[Round "9"]
[White "Manukyan_Artak"]
[Black "jaskol95"]
[Result "0-1"]
[WhiteElo "2407"]
[BlackElo "2329"]
[TimeControl "180+1"]
[EndTime "11:47:09 PST"]
[Termination "jaskol95 won by checkmate"]

1. e4 c5 2. Nf3 Nc6 3. c3 Nf6 4.
e5 Nd5 5. d4 cxd4 6. cxd4 d6 7.
Nc3 Nxc3 8. bxc3 dxe5 9. d5 e4 10. Ng5 Ne5 11. Nxe4 Bf5 12. Ng3 Qd7 13. Bf4 Ng6 14.
Be3 a6 15. c4 e5 16. Nxf5 Qxf5 17. Rb1 Be7 18. Rxb7 O-O 19. Be2 Rfb8 20. Rxb8+ Rxb8 21. O-O Nf4 22. c5 Qe4 23. d6 Qxg2# 0-1

[Event "*** Titled Tuesday Blitz"]
[Site "Chess.com"]
[Date "2020.11.03"]
[Round "9"]
[White "Kavyev_Ruslan"]
[Black "fabianvivasz"]
[Result "1-0"]
[WhiteElo "2508"]
[BlackElo "2374"]
[TimeControl "180+1"]
[EndTime "11:47:10 PST"]
[Termination "Kavyev_Ruslan won on time"]

1. d4 Nf6 2. c4 g6 3. Nc3 d5 4. Nf3 Bg7 5. h4 dxc4 6. e4 c5 7. d5 b5 8. h5 O-O 9. hxg6 fxg6 10. d6 exd6 11. Nxb5 Be6 12. Qxd6 Qxd6 13. Nxd6 Nc6 14.
Ng5 Rfd8 15. Nb7 Nd4 16. Nxd8 Rxd8 17. Nxe6 Nc2+ 18. Ke2 Rd6 19. Rb1 Rxe6 20. f3 Nd7 21.
Kd2 1-0

[Event "*** Titled Tuesday Blitz"]
[Site "Chess.com"]
[Date "2020.11.03"]
[Round "9"]
[White "Oleksandr_Bortnyk"]
[Black "Tocras"]
[Result "1-0"]
[WhiteElo "2919"]
[BlackElo "2795"]
[TimeControl "180+1"]
[EndTime "11:47:13 PST"]
[Termination "Oleksandr_Bortnyk won by resignation"]

1. e4 c5 2. c3 Nf6 3. e5 Nd5 4. d4 cxd4 5. Nf3 Nc6 6. cxd4 g6 7. Bc4 Nb6 8. Bb3 Bg7 9. Qe2 d6 10. O-O O-O 11. h3 dxe5 12. dxe5 Nd4 13. Nxd4 Qxd4 14.
Re1 Bf5 15. Nc3 Bd3 16. Qf3 Bc4 17. Be3 Qd3 18. Rad1 Qf5 19. Qxf5 gxf5 20. Bxb6 Bxb3 21. axb3 axb6 22. Rd7 e6 23. Rxb7 Rfd8 24. f4 Rd4 25. g3 Rb4 26. Re2 Rxb3 27. Kg2 Bf8 28. g4 Rb4 29.
gxf5 exf5 30. Nd5 Rd4 31. Nf6+ Kg7 32. Kh2 1-0

[Event "*** Titled Tuesday Blitz"]
[Site "Chess.com"]
[Date "2020.11.03"]
[Round "9"]
[White "TorFredrikKaasen"]
[Black "Sanan_Sjugirov"]
[Result "1-0"]
[WhiteElo "2731"]
[BlackElo "2836"]
[TimeControl "180+1"]
[EndTime "11:47:17 PST"]
[Termination "TorFredrikKaasen won by resignation"]

1. d4 Nf6 2. c4 e6 3. Nf3 d5 4. Nc3 Nbd7 5. Bf4 dxc4 6. e3 Bd6 7. Bxd6 cxd6 8. Bxc4 O-O 9. O-O Nb6 10. Bd3 Bd7 11.
Rc1 Bc6 12. e4 d5 13. e5 Ne4 14. Qe2 Nxc3 15. Rxc3 h6 16. Rfc1 Rc8 17. h4 Qe7 18.
Bb1 Nd7 19. Qc2 f5 20. exf6 Qxf6 21. Ng5 g6 22. Rf3 1-0

[Event "*** Titled Tuesday Blitz"]
[Site "Chess.com"]
[Date "2020.11.03"]
[Round "9"]
[White "Enriquack"]
[Black "Brave_spirit12"]
[Result "0-1"]
[WhiteElo "2288"]
[BlackElo "2500"]
[TimeControl "180+1"]
[EndTime "11:47:17 PST"]
[Termination "Brave_spirit12 won by resignation"]

1. e4 e6 2. d4 d5 3. Nc3 Nf6 4. Bg5 Be7 5. e5 Nfd7 6. h4 h6 7. Bxe7 Qxe7 8. Qd2 a6 9. f4 c5 10. Nf3 Nc6 11. O-O-O O-O 12. Ne2 b5 13. g4 Bb7 14.
dxc5 Nxc5 15. Ned4 Rac8 16. Kb1 Ne4 17. Qe1 Qc5 18. Rh2 a5 19. f5 Rfe8 20. g5 exf5 21. gxh6 Nxe5 22. Nxe5 Rxe5 23. Qxa5 Ng3 24. Bxb5 Ne2 25.
Bxe2 Qxa5 26. Bd3 Re1 27. Rh1 Rxh1 28. Rxh1 Re8 29. Nf3 d4 0-1

[Event "*** Titled Tuesday Blitz"]
[Site "Chess.com"]
[Date "2020.11.03"]
[Round "9"]
[White "Margarita2907"]
[Black "Walter_White_Poland"]
[Result "0-1"]
[WhiteElo "2226"]
[BlackElo "2359"]
[TimeControl "180+1"]
[EndTime "11:47:18 PST"]
[Termination "Walter_White_Poland won by resignation"]

1. e4 e5 2. Nf3 Nc6 3. Bc4 Nf6 4. d3 d5 5. exd5 Nxd5 6. O-O Nb6 7. Bb3 Bg4 8. h3 Bh5 9. Nbd2 Qe7 10. Re1 O-O-O 11. a4 a5 12. Qe2 f6 13. Qe3 Qc5 14. Qxc5 Bxc5 15. Ne4 Bb4 16. Rf1 Bxf3 17. gxf3 Nd4 18. Kg2 Nxb3 19. cxb3 Rxd3 20. Be3 Nd5 21. Bc5 Nf4+ 22.
Kg3 Rxb3 23. Bxb4 Rxb4 24. Ra2 Rd8 25. Rc1 b6 26. Nc3 Rd2 27. Nb5 Ne2+ 0-1

[Event "*** Titled Tuesday Blitz"]
[Site "Chess.com"]
[Date "2020.11.03"]
[Round "9"]
[White "canary2016"]
[Black "Mikhal867"]
[Result "0-1"]
[WhiteElo "1978"]
[BlackElo "2350"]
[TimeControl "180+1"]
[EndTime "11:47:18 PST"]
[Termination "Mikhal867 won by resignation"]

1. d4 g6 2. c4 Bg7 3. Nf3 d6 4. g3 Nd7 5. Bg2 e5 6. dxe5 dxe5 7. O-O c6 8. Nc3 Qe7 9. Qc2 Nc5 10. b4 Ne6 11. e3 Qxb4 12. Ne4 f5 13. Rb1 Qe7 14. Nc3 e4 15. Nd2 Nf6 16. Nb3 Ng4 17. Rd1 O-O 18.
h3 Ne5 19. Nd4 Nd3 20. Nxe6 Bxe6 21. Ne2 Qf7 22. Ba3 Rfd8 23. Qb3 b5 24. Nf4 Bxc4 25.
Qb4 Nxb4 26. Bxb4 g5 27. Ba5 Rxd1+ 28. Rxd1 gxf4 29. Bb4 f3 0-1

[Event "*** Titled Tuesday Blitz"]
[Site "Chess.com"]
[Date "2020.11.03"]
[Round "9"]
[White "LisikValera"]
[Black "BanjoKazooieN64"]
[Result "1-0"]
[WhiteElo "2526"]
[BlackElo "2384"]
[TimeControl "180+1"]
[EndTime "11:47:20 PST"]
[Termination "LisikValera won by resignation"]

1. d4 Nf6 2. c4 g6 3. Nc3 Bg7 4. e4 d6 5. Nf3 O-O 6. Be2 e5 7.
O-O Nc6 8. d5 Ne7 9. Ne1 Nd7 10.
f3 f5 11. g4 Kh8 12. Kh1 Ng8 13. g5 f4 14. h4 h6 15. Rg1 Rf7 16. Nd3 hxg5 17. hxg5 Bf8 18. Rg2 Rh7+ 19. Kg1 Rh5 20. Qe1 Kg7 21. Bxf4 exf4 22. Nxf4 Ne5 23. Nxh5+ gxh5 24. f4 Ng4 25. Qh4 Qe8 26. f5 Qe5 27. Qxh5 Qd4+ 28. Kh1 Nf2+ 29. Kh2 Bxf5 30. exf5 Qf4+ 31. Kg1 Qxf5 32. Rxf2 Qg6 33. Qxg6+ Kxg6 34. Bd3+ Kxg5 35. Ne4+ Kh6 36. Rf7 Bg7 37. Kf2 Bd4+ 38. Kf3 Re8 39. Rh1+ Kg6 40. Nxd6+ Kg5 41. Nxe8 1-0

[Event "*** Titled Tuesday Blitz"]
[Site "Chess.com"]
[Date "2020.11.03"]
[Round "9"]
[White "Artyom_ChessMate"]
[Black "CM_rui"]
[Result "1-0"]
[WhiteElo "2572"]
[BlackElo "2401"]
[TimeControl "180+1"]
[EndTime "11:47:24 PST"]
[Termination "Artyom_ChessMate won by checkmate"]

1. e4 e5 2. Nf3 Nc6 3. Bb5 a6 4. Bxc6 dxc6 5. O-O Bg4 6. h3 h5 7. d3 Bd6 8. Nbd2 Nf6 9. hxg4 hxg4 10. Nh2 Qd7 11.
Nc4 g3 12. fxg3 Bc5+ 13. Be3 Rxh2 14. Bxc5 Ng4 15. Ne3 Nxe3 16. Bxe3 Rh7 17. Qf3 g6 18. Qf6 Qg4 19. Qxe5+ Kd7 20. Qg5 Qe2 21. Rf2 Qh5 22. Qxh5 gxh5 23. Raf1 Ke6 24. Rf6+ Ke7 25. Bc5+ Ke8 26.
R1f5 b6 27. Re5+ Kd7 28. Re7+ Kd8 29. Rexf7 Rxf7 30. Rxf7 Ke8 31. Rf8+ Kd7 32. Rxa8 Ke6 33. Bxb6 Ke5 34. Rxa6 h4 35. Bxc7+ Kd4 36. gxh4 Ke3 37. Bb6+ Kd2 38. Be3+ Kd1 39. d4 c5 40. dxc5 Ke2 41.
Ra8 Kd1 42. c6 Ke2 43. c7 Kd1 44. Kf2 Kxc2 45. c8=Q+ Kb1 46. Qc1# 1-0

[Event "*** Titled Tuesday Blitz"]
[Site "Chess.com"]
[Date "2020.11.03"]
[Round "9"]
[White "ShahMatKanal"]
[Black "Bastiandash"]
[Result "1-0"]
[WhiteElo "2483"]
[BlackElo "2339"]
[TimeControl "180+1"]
[EndTime "11:47:27 PST"]
[Termination "ShahMatKanal won by checkmate"]

1. Nc3 d5 2. d4 Nf6 3. Bf4 Bf5 4. Nb5 Na6 5. e3 e6 6. a3 c6 7. Nc3 Nc7 8. Nf3 Bd6 9. Ne5 O-O 10. h4 h6 11. g4 Bh7 12. g5 Ne4 13. Nxe4 dxe4 14. gxh6 Qc8 15. hxg7 Re8 16. Qh5 Bxe5 17. Bxe5 Nd5 18.
Rg1 c5 19. O-O-O cxd4 20. exd4 e3 21. Qxh7+ Kxh7 22. Bd3+ Kg8 23. h5 exf2 24. h6 f5 25. Rg5 Ne3 26. h7+ Kxh7 27. g8=Q+ Rxg8 28. Rh1# 1-0

[Event "*** Titled Tuesday Blitz"]
[Site "Chess.com"]
[Date "2020.11.03"]
[Round "9"]
[White "Goryachkina"]
[Black "Atousa1"]
[Result "1-0"]
[WhiteElo "2595"]
[BlackElo "2419"]
[TimeControl "180+1"]
[EndTime "11:47:31 PST"]
[Termination "Goryachkina won by resignation"]

1. e4 e5 2. Nf3 Nf6 3. Nxe5 d6 4.
Nf3 Nxe4 5. Nc3 Nxc3 6. dxc3 Be7 7.
Be3 Nc6 8. Qd2 Be6 9. O-O-O Qd7 10.
h3 a6 11. Kb1 O-O-O 12. Nd4 Bf6 13. Nxe6 fxe6 14. Be2 Kb8 15. Rhe1 Rhf8 16. f4 e5 17. Bf3 Ne7 18. fxe5 Bxe5 19. Bg1 Qb5 20. a4 Qa5 21. b4 Qxa4 22. Rxe5 dxe5 23. Qxd8+ Rxd8 24. Rxd8+ Nc8 25. Bg4 b6 26. Bxc8 Ka7 27. Bd7 Qa3 28. Bc6 1-0

[Event "*** Titled Tuesday Blitz"]
[Site "Chess.com"]
[Date "2020.11.03"]
[Round "9"]
[White "HanSchut"]
[Black "MoreChessJulia"]
[Result "1-0"]
[WhiteElo "2203"]
[BlackElo "2063"]
[TimeControl "180+1"]
[EndTime "11:47:32 PST"]
[Termination "HanSchut won by resignation"]

1. e4 c5 2. Nf3 d6 3. d4 cxd4 4. Nxd4 Nf6 5. f3 a6 6. c4 Nbd7 7. Nc3 Qc7 8. Be3 b6 9. Rc1 Bb7 10. Nd5 Bxd5 11. cxd5 Qb7 12. Nc6 g6 13. Be2 Bg7 14.
O-O Ne5 15. Nxe5 dxe5 16. Rc6 b5 17. Qc2 O-O 18. Rc7 Rac8 19. Rc1 Rxc7 20. Qxc7 Qxc7 21.
Rxc7 Re8 22. Bc5 e6 23. d6 Bf8 24. Kf1 Rd8 25. Rc6 Ne8 26. Rxa6 Bxd6 27. Bb6 Nc7 28.
Bxb5 Nxa6 29. Bxd8 Nb4 30. a3 Nc2 31. a4 Bc5 32. a5 Nd4 33. Ba4 Kf8 34. Bb6 Bd6 35. a6 1-0

[Event "*** Titled Tuesday Blitz"]
[Site "Chess.com"]
[Date "2020.11.03"]
[Round "9"]
[White "Hikaru"]
[Black "joppie2"]
[Result "0-1"]
[WhiteElo "3201"]
[BlackElo "2911"]
[TimeControl "180+1"]
[EndTime "11:47:33 PST"]
[Termination "joppie2 won by resignation"]

1. Nf3 d5 2. e3 Nf6 3. c4 c6 4. d4 Bf5 5. Nc3 e6 6. Nh4 Be4 7. f3 Bg6 8. Qb3 Qc7 9. Bd2 Be7 10. cxd5 Nxd5 11. Nxg6 hxg6 12. g3 Nd7 13. O-O-O a5 14. Kb1 O-O 15. Rc1 Nxc3+ 16. Bxc3 a4 17. Qc2 a3 18. b3 Nf6 19. e4 Rfd8 20. Be2 Qb6 21. Rhd1 Bb4 22. Ba1 Rd7 23. Rd3 Rad8 24. Rcd1 Ne8 25.
f4 Nd6 26. Bf3 Nb5 27. Qc4 Nd6 28. Qc2 Nb5 29. d5 cxd5 30. exd5 Rc7 31. Qe2 Qc5 32. dxe6 Rdc8 33. exf7+ Kh7 34. f8=Q Qc1+ 0-1

[Event "*** Titled Tuesday Blitz"]
[Site "Chess.com"]
[Date "2020.11.03"]
[Round "9"]
[White "Gerodot71"]
[Black "ChronicUnhappiness"]
[Result "1-0"]
[WhiteElo "2492"]
[BlackElo "2358"]
[TimeControl "180+1"]
[EndTime "11:47:33 PST"]
[Termination "Gerodot71 won by checkmate"]

1. d4 Nf6 2. c4 e6 3. Nf3 d5 4. g3 c5 5. cxd5 exd5 6. Bg2 Nc6 7. O-O Be7 8. Nc3 O-O 9. Bg5 c4 10. Ne5 Be6 11. Qd2 h6 12. Bxf6 Bxf6 13. f4 Qb6 14.
e3 Bxe5 15. fxe5 Qd8 16. Rf2 a6 17. Raf1 Nb4 18. e4 dxe4 19. Bxe4 Nd5 20. Bb1 b5 21. Ne4 b4 22. Qc2 g6 23. Qd2 Kh7 24. Nc5 c3 25.
Qd3 Qe7 26. Rf6 Bf5 27. R1xf5 gxf5 28. Qxf5+ Kg7 29. Qh7# 1-0

[Event "*** Titled Tuesday Blitz"]
[Site "Chess.com"]
[Date "2020.11.03"]
[Round "9"]
[White "TregubovP"]
[Black "anon481216"]
[Result "1-0"]
[WhiteElo "2537"]
[BlackElo "2397"]
[TimeControl "180+1"]
[EndTime "11:47:36 PST"]
[Termination "TregubovP won by resignation"]

1. e4 c5 2. Nf3 Nc6 3. c3 d5 4.
exd5 Qxd5 5. d4 e6 6. Be2 Nf6 7. O-O cxd4 8. cxd4 Be7 9. Nc3 Qd6 10. Nb5 Qd8 11.
Bf4 Nd5 12. Bg3 O-O 13. Rc1 Qb6 14. Bc4 Rd8 15. Bxd5 Qxb5 16. Bxc6 bxc6 17. Qc2 Bb7 18. Rfd1 a5 19. Ne5 c5 20. dxc5 Rxd1+ 21. Qxd1 Bxc5 22. a4 Qb6 23. Qh5 g6 24. Qg5 Qd8 25. Qf4 f5 26. h4 Qd5 27. Nf3 Bd6 28. Qxd6 1-0

[Event "*** Titled Tuesday Blitz"]
[Site "Chess.com"]
[Date "2020.11.03"]
[Round "9"]
[White "Evgeny81"]
[Black "aleksey1203borisovi4"]
[Result "0-1"]
[WhiteElo "2721"]
[BlackElo "2503"]
[TimeControl "180+1"]
[EndTime "11:47:40 PST"]
[Termination "aleksey1203borisovi4 won by resignation"]

1. e4 g6 2. d4 Bg7 3. Nc3 d6 4. f4 Nc6 5. Nf3 Bg4 6. Be3 Bxf3 7. gxf3 Nf6 8. Qd2 O-O 9. O-O-O a6 10. f5 b5 11. h4 Rb8 12. h5 Nxh5 13. Rxh5 gxh5 14. Bh6 Bxh6 15. Qxh6 Kh8 16. Bd3 Nxd4 17. e5 f6 18. e6 Nxf3 19. Ne4 Rg8 20. Qxh5 Ne5 21. Be2 Rg7 22. Nc3 c6 23. Ne4 Qb6 24. Qh6 Nc4 25. Bxc4 bxc4 26. b3 Qa5 27. Nxf6 Qxa2 28. Rh1 exf6 29.
Qxf6 cxb3 0-1

[Event "*** Titled Tuesday Blitz"]
[Site "Chess.com"]
[Date "2020.11.03"]
[Round "9"]
[White "machupichu10"]
[Black "tsaruk_maks"]
[Result "1-0"]
[WhiteElo "2773"]
[BlackElo "2580"]
[TimeControl "180+1"]
[EndTime "11:47:40 PST"]
[Termination "machupichu10 won by checkmate"]

1. c4 Nf6 2. Nf3 e6 3. g3 d5 4. Bg2 dxc4 5. O-O Be7 6. Ne5 O-O 7. Nxc4 c5 8. Nc3 Nc6 9. Bxc6 bxc6 10. d3 Nd5 11. Bd2 f6 12. f4 Qc7 13. Ne4 e5 14.
f5 Rd8 15. Rc1 Bf8 16. Qe1 Bd7 17. Qf2 Rab8 18. g4 Rb5 19. g5 Be8 20. Kh1 fxg5 21. Bxg5 Rd7 22. Rg1 Kh8 23. Rg3 Nf4 24. Rcg1 Bh5 25.
Bxf4 exf4 26. Rh3 Bf7 27. Rxh7+ Kxh7 28. Qh4+ Kg8 29. Nf6# 1-0

[Event "*** Titled Tuesday Blitz"]
[Site "Chess.com"]
[Date "2020.11.03"]
[Round "9"]
[White "goldenpuppy"]
[Black "Deepweb2020"]
[Result "1-0"]
[WhiteElo "2368"]
[BlackElo "2250"]
[TimeControl "180+1"]
[EndTime "11:47:40 PST"]
[Termination "goldenpuppy won on time"]

1. e4 e5 2. Nf3 Nc6 3. Bc4 Bc5 4. O-O Nf6 5. d3 d6 6. c3 a6 7. a4 Ba7 8. b4 Ne7 9. Bb3 O-O 10.
Nbd2 Ng6 11. Re1 h6 12. Nf1 Re8 13. Be3 Bxe3 14. Nxe3 Nf4 15. g3 Ng6 16. Kg2 Nh5 17.
Kh1 Qf6 18. Nh4 Nxh4 19. Qxh5 Nf3 20. Red1 Re7 21. Nd5 Qe6 22. Nxe7+ Qxe7 23. Qxf3 g6 24. d4 h5 25. dxe5 Bg4 26. Qf4 dxe5 27. Qe3 Bxd1 28.
Rxd1 Kg7 29. Qd3 h4 30. Qd7 Qf6 31. f4 exf4 32. e5 Qxe5 33. Qxf7+ Kh6 34. Qxf4+ Qxf4 35. gxf4 Rf8 36. Rd4 Kh5 37. Kg2 1-0

[Event "*** Titled Tuesday Blitz"]
[Site "Chess.com"]
[Date "2020.11.03"]
[Round "9"]
[White "frederiksvane"]
[Black "enriquetejedor"]
[Result "1-0"]
[WhiteElo "2651"]
[BlackElo "2495"]
[TimeControl "180+1"]
[EndTime "11:47:42 PST"]
[Termination "frederiksvane won by checkmate"]

1. e4 c5 2. Nf3 d6 3. Bb5+ Bd7 4. c4 Nf6 5. Nc3 g6 6. d4 cxd4 7. Nxd4 Bg7 8. Be3 O-O 9. h3 Nc6 10. O-O a6 11. Bxc6 bxc6 12. Nf3 Rb8 13. Qe2 Qa5 14. Rfd1 Rxb2 15. Qxb2 Nxe4 16. Bd4 Nxc3 17. Bxg7 Nxd1 18.
Rxd1 Re8 19. Bh6 f6 20. Rxd6 Bf5 21. Rxf6 exf6 22. Qb7 Re1+ 23. Kh2 Bd7 24. Qxd7 Qe5+ 25. Nxe5 Rxe5 26. Qg7# 1-0

[Event "*** Titled Tuesday Blitz"]
[Site "Chess.com"]
[Date "2020.11.03"]
[Round "9"]
[White "Zarikovs1999"]
[Black "shnitez"]
[Result "0-1"]
[WhiteElo "2359"]
[BlackElo "2531"]
[TimeControl "180+1"]
[EndTime "11:47:43 PST"]
[Termination "shnitez won by resignation"]

1. e4 c5 2. Nf3 e6 3. d4 cxd4 4. Nxd4 a6 5. c4 Nf6 6. Nc3 Qc7 7. a3 b6 8. Be2 Bb7 9. f3 Be7 10. Be3 O-O 11. O-O d6 12. Rc1 Nbd7 13. Qd2 Rac8 14. Rfd1 Qb8 15. Nc2 h5 16. Bf4 Ne5 17. Ne3 h4 18. h3 Nh5 19. Bh2 Bg5 20. Rf1 Nxc4 21. Bxc4 Bxe3+ 22. Qxe3 Rxc4 23. Qxb6 Ng3 24. Rfd1 d5 25.
exd5 Bxd5 26. Qxb8 Rxb8 27. Bxg3 hxg3 28. Nxd5 exd5 29.
Rxc4 dxc4 30. Rd2 c3 31. Rd1 cxb2 32. Rb1 Rc8 0-1

[Event "*** Titled Tuesday Blitz"]
[Site "Chess.com"]
[Date "2020.11.03"]
[Round "9"]
[White "IwkooO"]
[Black "Smirnov_Pavel"]
[Result "1-0"]
[WhiteElo "2662"]
[BlackElo "2834"]
[TimeControl "180+1"]
[EndTime "11:47:45 PST"]
[Termination "IwkooO won by resignation"]

1. e4 c5 2. Nf3 Nc6 3. d4 cxd4 4. Nxd4 Nf6 5. Nc3 e5 6. Ndb5 d6 7. Bg5 a6 8. Na3 b5 9. Nd5 Be7 10. Bxf6 Bxf6 11. c3 O-O 12. Nc2 Rb8 13. h4 Be7 14. g3 Be6 15. Bh3 Qd7 16. Bg2 Bd8 17. O-O a5 18. Nce3 Kh8 19. Qd3 b4 20. Rfd1 bxc3 21. bxc3 Qa7 22. Rab1 Rxb1 23. Rxb1 Ne7 24. Qb5 Bxd5 25. Nxd5 Nxd5 26. Qxd5 Bb6 27. Qxd6 Bxf2+ 28. Kh2 Bc5 29. Qxe5 a4 30. Qd5 Bf2 31. Rb7 Qe3 32. Qd6 Rg8 33. Rxf7 Qxc3 34. Rxf2 Qc8 35. Qf4 Qe8 36.
Qf7 Qe5 37. Qd5 Qe7 38. e5 h6 39. e6 Re8 40. Be4 Rf8 41. Rxf8+ Qxf8 42. Qf5 1-0

[Event "*** Titled Tuesday Blitz"]
[Site "Chess.com"]
[Date "2020.11.03"]
[Round "9"]
[White "GMTalks_Youtube"]
[Black "MasterKroket"]
[Result "1-0"]
[WhiteElo "2601"]
[BlackElo "2428"]
[TimeControl "180+1"]
[EndTime "11:47:45 PST"]
[Termination "GMTalks_Youtube won by resignation"]

1. e4 c5 2. Nf3 e6 3. c4 Nc6 4. Nc3 d6 5. d4 cxd4 6. Nxd4 Qc7 7. Ndb5 Qb8 8. Bf4 e5 9. Be3 a6 10. Na3 Nf6 11. Be2 Be7 12. O-O O-O 13. Kh1 Re8 14. Nc2 Be6 15. f3 Na5 16. b3 Rc8 17. Bd2 b5 18. Nd5 Bxd5 19. cxd5 Nb7 20. Nb4 Nc5 21. Nc6 Qb7 22. Rc1 Bf8 23. Be3 Nfd7 24. Na5 Qb8 25. Qd2 Be7 26. Nc6 Rxc6 27. dxc6 Nf8 28. c7 Qb7 29. b4 Nce6 30. Qd5 1-0